 Dungeon Crawl Stone Soup version 0.26-a0-661-g406de6ba63 (webtiles) character file.

Game seed: 12826797017569928674

1254 heikuro the Poker (level 8, -8/63 HPs)
             Began as a Formicid Abyssal Knight on Oct 8, 2020.
             Was a Priest of Lugonu.
             Mangled by a wyvern (16 damage)
             ... on level 8 of the Dungeon.
             The game lasted 00:14:41 (8292 turns).

heikuro the Poker (Formicid Abyssal Knight)         Turns: 8292, Time: 00:14:41

Health: -8/63      AC:  9    Str: 25    XL:     8   Next: 80%
Magic:  11/11      EV: 10    Int: 15    God:    Lugonu [***...]
Gold:   488        SH:  4    Dex: 10    Spells: 7/7 levels left

rFire    + . .     SeeInvis +   a - +3 halberd
rCold    . . .     Faith    .   k - +0 buckler
rNeg     . . .     Spirit   .   w - +0 ring mail (curse)
rPois    .         Reflect  .   (helmet unavailable)
rElec    .         Harm     .   (no cloak)
rCorr    .         Rampage  .   v - +1 pair of gloves
MR       +....                  y - +0 pair of boots
Stlth    ..........             (no amulet)
HPRegen  0.20/turn              x - ring of Ymon {rF+ Str+6 Int+3}
MPRegen  0.12/turn              q - ring of protection from magic

@: studying Unarmed Combat, lightly drained
A: permanent stasis, dig shafts and tunnels, four strong arms, antennae 3
a: Dig, Shaft Self, Depart the Abyss, Bend Space, Banish, Renounce Religion


You were on level 8 of the Dungeon.
You worshipped Lugonu.
Lugonu was most pleased with you.
You visited 2 branches of the dungeon, and saw 9 of its levels.
You visited the Abyss 1 time.

You collected 488 gold pieces.

Inventory:

Hand Weapons
 a - a +3 halberd (weapon)
 b - a +0 hunting sling of flaming
 t - a +0 battleaxe
Missiles
 c - 39 poisoned darts (quivered)
 u - 127 sling bullets
 C - 8 silver boomerangs
Armour
 e - a +0 scale mail
 k - a +0 buckler (worn)
 v - a +1 pair of gloves (worn)
 w - a cursed +0 ring mail (worn)
 y - a +0 pair of boots (worn)
Jewellery
 q - a ring of protection from magic (right hand)
 x - the ring of Ymon (left hand) {rF+ Str+6 Int+3}
   (You found it on level 4 of the Dungeon)

   [ring of strength]

   It affects your strength (+6).
   It affects your intelligence (+3).
   It protects you from fire.
Wands
 r - a wand of iceblast (5)
 B - a wand of acid (13)
 E - a wand of digging (5)
Scrolls
 f - a scroll of blinking {unknown}
 i - a scroll of fog {unknown}
 l - 3 scrolls of enchant armour
 m - 5 scrolls of remove curse
 n - 3 scrolls of immolation {unknown}
 p - 3 scrolls of teleportation {unknown}
 s - a scroll of amnesia {unknown}
 D - a scroll of identify
 G - a scroll of brand weapon {unknown}
 H - a scroll of fear {unknown}
Potions
 g - 3 potions of mutation
 h - 2 potions of curing
 j - 4 potions of lignification
 o - 3 potions of flight
 z - 2 potions of might
 A - 2 potions of stabbing
 F - 2 potions of cancellation
Books
 d - a manual of Unarmed Combat


   Skills:
 + Level 5.4(5.2) Fighting
 * Level 6.1(5.8) Polearms
 + Level 3.8(3.6) Slings
 + Level 4.7(4.5) Armour
 - Level 1.0(0.7) Dodging
 - Level 2.4(2.1) Shields
 + Level 5.0(4.8) Invocations


You had 7 spell levels left.
You didn't know any spells.
Your spell library contained the following spells:

 Spells                   Type           Power        Failure   Level
 Animate Skeleton         Necr           #.....       38%         1
 Apportation              Tloc           #.....       38%         1
 Corona                   Hex            #......      38%         1
 Summon Small Mammal      Summ           #...         38%         1
 Confusing Touch          Hex            #.......     77%         3
 Gell's Gravitas          Tloc           #.........   77%         3
 Petrify                  Tmut/Erth      #.......     99%         4
 Metabolic Englaciation   Hex/Ice        #.........   100%        5
 Yara's Violent Unravell  Hex/Tmut       #.........   100%        5


Dungeon Overview and Level Annotations

Branches:
Dungeon (8/15)             Temple (1/1) D:5
   Lair: D:8-11

Altars:
Ashenzari
Dithmenos
Elyvilon
Gozag
Hepliaklqana
Kikubaaqudgha
Makhleb
Nemelex Xobeh
Okawaru
Qazlal
Ru
Sif Muna
Trog
Uskayaw
Wu Jian
Xom
Yredelemnul
Zin
The Shining One

Shops:
D:4 }

Annotations:
D:3 3 runed translucent doors, heikuro's ghost, amateur FoAK


Innate Abilities, Weirdness & Mutations

You cannot be hasted, slowed, berserked, paralysed or teleported.
You can dig through walls and to a lower floor.
Your four strong arms can wield two-handed weapons with a shield.
You have a pair of large antennae on your head. (SInv)


Message History

You hit the wyvern.
The wyvern is almost dead.
The wyvern bites you! You block the wyvern's attack.
You hit the wyvern but do no damage.
The wyvern is almost dead.
The wyvern bites you!
You are too injured to fight recklessly!
You are too injured to fight recklessly!
You are too injured to fight recklessly!
You are too injured to fight recklessly!
You barely miss the wyvern.
The wyvern is almost dead.
The wyvern bites you. The wyvern bites you!
* * * LOW HITPOINT WARNING * * *
You closely miss the wyvern.
The wyvern is almost dead.
The wyvern bites you!
* * * LOW HITPOINT WARNING * * *
The wyvern bites you!
You die...

# #....# #.# # #....#
#.# # #....#
#.########## # #....#
#..........# # ######
#..........# #
##########..........##.#
#..........######.......
#..........######l.....#
'...............@......+
#..........######......#
#..........# ......#
#.....†....#### ......#
########......# ......#
#......# ......#
#......# ......#
#......# ......#
#......#


You could see a wyvern.

Vanquished Creatures
  A soldier ant (D:5)
  A sky beast (D:7)
  A centaur (D:6)
  A scorpion (D:4)
  9 wights
  A howler monkey (D:4)
  2 centaur zombies (D:7)
  A jelly (D:5)
  A quasit (D:5)
  A bullfrog zombie (D:7)
  A centaur skeleton (D:3)
  A hound (D:4)
  An orc priest (D:4)
  2 worker ants
  7 adders
  A white imp (D:7)
  An ufetubus (D:5)
  An ooze (D:5)
  3 worms
  3 dart slugs (D:1)
  3 leopard geckos
  12 orcs
  10 bats
  8 giant cockroaches
  6 goblins
  11 hobgoblins
  7 jackals
  3 kobolds
  3 quokkas
  3 ball pythons
  A frilled lizard (D:1)
  A goblin skeleton (D:5)
  A goblin zombie (D:5)
  A hobgoblin zombie (D:5)
  A kobold skeleton (D:5)
  2 kobold zombies (D:5)
  2 orc skeletons (D:5)
  A quokka zombie (D:5)
  11 rats
  A spectral orc (D:5)
128 creatures vanquished.

Notes
Turn   | Place    | Note
-------+----------+-------------------------------------------
     0 | Abyss:1  | heikuro the Formicid Abyssal Knight began the quest for the
                  | Orb.
     0 | Abyss:1  | Reached XP level 1. HP: 18/18 MP: 2/2
    79 | Abyss:1  | Noticed an ancient zyme
    80 | D:1      | Escaped the Abyss
   310 | D:1      | Reached skill level 1 in Dodging
   386 | D:1      | Reached XP level 2. HP: 22/24 MP: 3/3
   648 | D:1      | Reached * piety under Lugonu
   657 | D:1      | Reached XP level 3. HP: 17/29 MP: 4/4
  1508 | D:1      | Reached XP level 4. HP: 36/36 MP: 5/5
  1691 | D:2      | Reached skill level 3 in Polearms
  1691 | D:2      | Reached skill level 1 in Shields
  2115 | D:2      | Reached skill level 1 in Slings
  2148 | D:3      | Found a runed translucent gate.
  2150 | D:3      | Found a runed translucent gate.
  2150 | D:3      | Found a runed translucent gate.
  2180 | D:3      | Reached XP level 5. HP: 38/42 MP: 7/7
  2437 | D:3      | Reached ** piety under Lugonu
  3147 | D:3      | Noticed heikuro's ghost (amateur FoAK)
  3179 | D:4      | Reached XP level 6. HP: 10/48 MP: 8/8
  3667 | D:4      | Found Wererug's Gadget Shoppe.
  3740 | D:4      | Reached skill level 4 in Polearms
  4069 | D:4      | Got a scorched gossamer ring
  4070 | D:4      | Identified the ring of Ymon {rF+ Str+6 Int+3} (You found it
                  | on level 4 of the Dungeon)
  4458 | D:4      | Found a shimmering blue altar of Sif Muna.
  4557 | D:5      | Entered Level 5 of the Dungeon
  4559 | D:5      | Found a shimmering altar of Xom.
  4600 | D:5      | Found a glowing golden altar of the Shining One.
  4616 | D:5      | Reached XP level 7. HP: 54/55 MP: 9/9
  4726 | D:5      | Found a basalt altar of Yredelemnul.
  4750 | D:5      | Found a shimmering altar of Xom.
  4753 | D:5      | Found a shimmering altar of Xom.
  5088 | D:5      | Noticed a soldier ant
  5123 | D:5      | Killed a soldier ant
  5460 | D:5      | Found a staircase to the Ecumenical Temple.
  5469 | Temple   | Entered the Ecumenical Temple
  6017 | D:5      | Found a hazy altar of Hepliaklqana.
  6092 | D:6      | Found a burning altar of Makhleb.
  6325 | D:6      | Reached skill level 5 in Polearms
  6646 | D:6      | Reached XP level 8. HP: 61/61 MP: 11/11
  6879 | D:6      | Reached *** piety under Lugonu
  6879 | D:6      | Reached skill level 5 in Fighting
  6911 | D:6      | Found a shadowy altar of Dithmenos.
  7175 | D:7      | Found a sparkling altar of Nemelex Xobeh.
  7709 | D:7      | Reached skill level 6 in Polearms
  7903 | D:7      | Reached skill level 5 in Invocations
  8285 | D:8      | Noticed a wyvern
  8292 | D:8      | Mangled by a wyvern

Illustrated notes

Levels and vault maps discovered:
D:1:      psy_arrival_radial02, layout_basic, minmay_octomino_j4
D:2:      layout_rooms
D:3:      layout_loops_ring, ebering_ghost_rock_garden, minmay_close_crescents
D:4:      layout_loops_ring, serial_shops, shop_fountains, led_sif_pool
D:5:      layout_basic, nicolae_tso_besieged_by_evil,
          lemuel_coloured_pillars_altar, xom_redecorated,
          yredelemnul_forgotten_temple_becter, temple_fountains,
          minmay_manual_mullet
D:6:      layout_gridville, grunt_dithmenos_smoke, kennysheep_mini
D:7:      layout_loops_ring, lemuel_doored_altar, mrwooster_statue_mirror
D:8:      layout_basic, chequers_temple_overflow_statue_of_worship,
          serial_shops, shop, serial_bayou_pond_e,
          hangedman_decor_diamond_cutter, uniq_psyche, uniq_pikel, uniq_maggie
Temple:   hc_temple_tempest_star

Skill      XL: |  1  2  3  4  5  6  7  8 |
---------------+-------------------------+-----
Dodging        | 1 |  1.0
Polearms       | 3 4 5 6 |  6.1
Shields        | 1 2 |  2.4
Slings         | 1 2 3 |  3.8
Invocations    | 3 4 5 |  5.0
Armour         | 3 4 |  4.7
Fighting       | 4 5 |  5.4

Action                   |  1- 3 |  4- 6 |  7- 9 || total
-------------------------+-------+-------+-------++-------
Melee: Spear             |   119 |   298 |    68 ||   485
       Halberd           |       |       |    89 ||    89
 Fire: Hunting sling     |       |    20 |     4 ||    24
Throw: Dart              |       |     6 |     8 ||    14
Invok: Depart the Abyss  |     1 |       |       ||     1
  Use: Scroll            |     2 |     5 |     4 ||    11
       Potion            |       |     1 |     1 ||     2
Armor: Scale mail        |    29 |    93 |       ||   122
       Ring mail         |       |    23 |    41 ||    64
Dodge: Dodged            |    24 |    89 |    59 ||   172
Block: Buckler           |    11 |    45 |    36 ||    92

Table legend: (Time is in decaauts)
 A = Elapsed time spent in this place.
 B = Non-inter-level travel time spent in this place.
 C = Inter-level travel time spent in this place.
 D = Time resting spent in this place.
 E = Time spent auto-exploring this place.
 F = Levels seen in this place.
 G = Mean time per level.
                   A        B        C        D        E       F      G
               +--------+--------+--------+--------+--------+-----+--------+
         Total |   8346 |   7970 |    376 |   2382 |   4183 |  10 |  834.6 |
       Dungeon |   7920 |   7576 |    344 |   2382 |   3807 |   8 |  990.0 |
        Temple |    345 |    313 |     32 |      0 |    313 |   1 |  345.0 |
         Abyss |     80 |     80 |      0 |      0 |     63 |   1 |   80.0 |
               +--------+--------+--------+--------+--------+-----+--------+

Top non-repeatable levels by time:
     D:5: 1684 daAuts
     D:1: 1491 daAuts
     D:3: 1454 daAuts
     D:4: 980 daAuts
     D:7: 911 daAuts
     D:6: 780 daAuts
     D:2: 541 daAuts
  Temple: 345 daAuts
 Abyss:1: 80 daAuts
     D:8: 75 daAuts
